 Dungeon Crawl Stone Soup version 0.31.0-2-g5a2aebc5c2 (webtiles) character file.

Game seed: 9604423189600103109

7833 Arcadio the Fighter (level 11, 0/156 HPs)
             Began as a Minotaur Fighter on Jan 20, 2024.
             Was a Follower of Uskayaw.
             Succumbed to orange demon's concentrated venom
             ... on level 9 of the Dungeon.
             The game lasted 00:10:44 (8947 turns).

Arcadio the Fighter (Minotaur Fighter)              Turns: 8947, Time: 00:10:44

Health: 0/156      AC: 25    Str: 24    XL:     11   Next: 2%
Magic:  11/11      EV:  2    Int:  5    God:    Uskayaw [*.....]
Gold:   467        SH: 10    Dex: 11    Spells: 10/10 levels left

rFire   . . .        a - +0 war axe
rCold   + . .        c - +0 buckler
rNeg    . . .        b - melded +0 scale mail
rPois   +            (helmet currently unavailable)
rElec   .            w - melded +0 cloak
rCorr   .            H - melded +0 pair of gloves
SInv    .            n - melded +0 pair of boots
Will    .....        p - amulet of reflection
Stlth   +            m - ring of wizardry
HPRegen 0.46/turn    t - ring of protection from cold
MPRegen 0.12/turn

%: reflection, wizardry (x1)
@: mighty, lethally poisoned (0 -> -27), tree-form, slowed, studying
Conjurations, very slow
A: stationary, stasis, torment immunity, boosted hp, (horns 2), (retaliatory
headbutt)
a: Renounce Religion, Stomp


You were on level 9 of the Dungeon.
You worshipped Uskayaw.
Uskayaw was noncommittal.
You were a tree.
You visited 2 branches of the dungeon, and saw 10 of its levels.

You collected 467 gold pieces.

Inventory:

Hand Weapons
 a - a +0 war axe (weapon)
Armour
 b - a +0 scale mail (melded)
 c - a +0 buckler (worn)
 n - a +0 pair of boots (melded)
 r - a +2 robe of cold resistance
 w - a +0 cloak (melded)
 y - a +2 scale mail of willpower
 H - a +0 pair of gloves (melded)
Jewellery
 m - a ring of wizardry (left branch)
 p - an amulet of reflection (around neck)
 t - a ring of protection from cold (right branch)
 z - a ring of positive energy
 J - a +4 ring of protection
Wands
 k - a wand of paralysis (10)
 v - a wand of polymorph (30)
 A - a wand of flame (19)
 D - a wand of digging (6)
 F - a wand of iceblast (30)
Scrolls
 f - 2 scrolls of torment
 g - 4 scrolls of fear {unknown}
 i - 2 scrolls of revelation {unknown}
 l - 4 scrolls of fog
 o - a scroll of brand weapon {unknown}
 q - a scroll of acquirement {unknown}
 x - 2 scrolls of teleportation {unknown}
 C - a scroll of enchant weapon {unknown}
 E - a scroll of blinking {unknown}
 G - a scroll of poison {unknown}
 I - a scroll of immolation {unknown}
 K - a scroll of vulnerability {unknown}
Potions
 e - 2 potions of attraction
 h - a potion of lignification
 j - 2 potions of haste
 s - a potion of magic {unknown}
 u - a potion of curing {unknown}
 B - a potion of ambrosia {unknown}


   Skills:
 + Level 12.0 Fighting
 + Level 11.5 Axes
 + Level 11.8 Armour
 - Level 6.2 Shields
 + Level 1.4 Invocations


You had 10 spell levels left.
You didn't know any spells.
Your spell library contained the following spells:

 Spells                   Type           Power      Damage    Failure   Level
 Freeze                   Ice            0%         1d3       24%         1
 Call Imp                 Summ           0%         N/A       34%         2
 Ensorcelled Hibernation  Hex/Ice        0%         N/A       34%         2
 Sublimation of Blood     Necr           0%         N/A       34%         2
 Dazzling Flash           Conj/Hex       0%         N/A       56%         3
 Frozen Ramparts          Ice            0%         1d1       56%         3
 Fugue of the Fallen      Necr           0%         N/A       56%         3
 Hailstorm                Conj/Ice       0%         3d5       56%         3
 Mephitic Cloud           Conj/Alch/Air  0%         N/A       56%         3
 Passwall                 Erth           0%         N/A       56%         3
 Swiftness                Air            0%         N/A       56%         3
 Anguish                  Hex/Necr       0%         N/A       91%         4
 Olgreb's Toxic Radiance  Alch           0%         N/A       91%         4
 Curse of Agony           Necr           0%         N/A       99%         5
 Silence                  Hex/Air        0%         N/A       99%         5
 Ozocubu's Refrigeration  Ice            0%         4d7       100%        7
 Summon Hydra             Summ           0%         N/A       100%        7
 Discord                  Hex            0%         N/A       100%        8


Dungeon Overview and Level Annotations

Branches:
Dungeon (9/15) Zot: 26128  Temple (1/1) D:6 Zot: 5618    Lair (0/5) D:8
    Orc: D:9-12

Altars:
Ashenzari
Cheibriados
Dithmenos
Fedhas
Gozag
Hepliaklqana
Kikubaaqudgha
Makhleb
Nemelex Xobeh
Okawaru
Ru
Sif Muna
Trog
Uskayaw
Vehumet
Wu Jian
Xom
Yredelemnul
Zin
The Shining One

Annotations:
D:9 Amaemon


Innate Abilities, Weirdness & Mutations

You are a tree.
Your roots penetrate the ground, keeping you stationary.
You cannot be teleported.
You are immune to unholy pain and torment.
Your maximum health is greatly increased.
Your equipment is partially melded.
((You have a pair of horns on your head.))
((You reflexively headbutt those who attack you in melee.))


Message History

The orange demon stings you from afar.
You are more poisoned.
You have difficulty breathing.
You feel as though you will be slow longer.
You barely miss Amaemon.
Amaemon is lightly wounded.
You feel extremely sick. You block Amaemon's attack.
Amaemon claws you but does no damage.
Amaemon tail-slaps you but does no damage.
You block the orange demon's attack.
You barely miss Amaemon.
Amaemon is lightly wounded.
You feel extremely sick.
Amaemon casts a spell.
You block the orange demon's attack. You block Amaemon's attack.
Amaemon claws you but does no damage.
Amaemon tail-slaps you but does no damage.
The orange demon stings you but does no damage.
You slash Amaemon!
Amaemon is moderately wounded.
You feel very sick. The orange demon stings you from afar.
You are lethally poisoned!
You have difficulty breathing.
* * * LOW HITPOINT WARNING * * *
You feel as though you will be slow longer.
You block Amaemon's attack. x2; Amaemon tail-slaps you.
* * * LOW HITPOINT WARNING * * *
You feel very mighty all of a sudden.
* * * LOW HITPOINT WARNING * * *
You feel extremely sick. You block the orange demon's attack.
Amaemon hits you with a +0 demon whip of venom.
* * * LOW HITPOINT WARNING * * *
Amaemon claws you.
* * * LOW HITPOINT WARNING * * *
Amaemon barely misses you.
You hit Amaemon.
Amaemon is moderately wounded.
You die...

..
#...#####
#..s46.#
#♣#
#.######
#......#
######.#
#<# #.#
### #.#
#.# #.#
#.# #.#


You could see Amaemon, an orange demon (curare) and a scorpion (summoned).

Vanquished Creatures
  Jeremiah (D:8)
  Psyche (D:8)
  A hornet (D:9)
  Grinder (D:6)
  A shadow (D:9)
  A wyvern (D:6)
  14 yaks
  3 vampire mosquitoes
  Edmund (D:6)
  2 orc warriors
  3 black bears
  6 ogres
  An ice beast (D:3)
  4 sky beasts
  4 centaurs
  3 phantoms
  2 kobold brigands (D:9)
  9 bullfrogs
  5 scorpions
  5 killer bees
  3 howler monkeys
  A bombardier beetle (D:6)
  2 orc priests
  4 hounds
  3 jellies (D:4)
  Crazy Yiuf (D:6)
  2 gnoll boudas (D:6)
  6 iguanas
  5 orc wizards
  A sleepcap (D:6)
  9 gnolls (D:6)
  5 adders
  2 shadow imps
  4 ufetubi
  2 dart slugs
  A ribbon worm (D:3)
  17 orcs
  4 ball pythons
  10 endoplasms
  A giant cockroach (D:1)
  3 goblins
  5 hobgoblins
  8 jackals
  12 kobolds
  3 quokkas
  5 bats
  3 frilled lizards
  3 rats
193 creatures vanquished.

Vanquished Creatures (others)
  A kobold (D:9)
1 creature vanquished.

Grand Total: 194 creatures vanquished

Notes
Turn   | Place    | Note
-------+----------+-------------------------------------------
     0 | D:1      | Arcadio the Minotaur Fighter began the quest for the Orb.
     0 | D:1      | Reached XP level 1. HP: 19/19 MP: 0/0
    98 | D:1      | Reached XP level 2. HP: 27/27 MP: 1/1
   200 | D:1      | You fall into a shaft and drop 1 floor!
   243 | D:2      | Reached skill level 4 in Fighting
  1134 | D:1      | Reached XP level 3. HP: 33/33 MP: 2/2
  1490 | D:3      | Noticed an ice beast
  1497 | D:3      | Killed an ice beast
  1498 | D:3      | Reached XP level 4. HP: 27/41 MP: 3/3
  1968 | D:4      | Noticed a scorpion
  1974 | D:4      | Reached skill level 5 in Fighting
  1974 | D:4      | Reached skill level 5 in Armour
  1974 | D:4      | Reached XP level 5. HP: 40/48 MP: 4/4
  2199 | D:4      | Reached XP level 6. HP: 56/56 MP: 5/5
  2229 | D:4      | Reached skill level 5 in Axes
  2421 | D:4      | Reached skill level 6 in Fighting
  2762 | D:4      | Found a snail-covered altar of Cheibriados.
  2762 | D:4      | Found a hide-covered altar of Uskayaw.
  2762 | D:4      | Found a radiant altar of Vehumet.
  2762 | D:4      | Found a glowing silver altar of Zin.
  2762 | D:4      | Found a burning altar of Makhleb.
  2762 | D:4      | Found a shimmering blue altar of Sif Muna.
  2771 | D:4      | Reached XP level 7. HP: 47/64 MP: 6/6
  2826 | D:4      | Became a worshipper of Uskayaw the Reveller
  2948 | D:4      | Reached * piety under Uskayaw
  3053 | D:4      | Reached ** piety under Uskayaw
  3262 | D:5      | Entered Level 5 of the Dungeon
  3413 | D:5      | Reached skill level 7 in Fighting
  3523 | D:5      | Noticed a yak
  3524 | D:5      | Noticed a yak
  3525 | D:5      | Noticed a yak
  3525 | D:5      | Noticed a yak
  3526 | D:5      | Noticed a yak
  3532 | D:5      | Killed a yak
  3532 | D:5      | Reached *** piety under Uskayaw
  3533 | D:5      | Reached **** piety under Uskayaw
  3534 | D:5      | Killed a yak
  3535 | D:5      | Reached XP level 8. HP: 53/73 MP: 7/7
  3538 | D:5      | Reached ***** piety under Uskayaw
  3541 | D:5      | Reached skill level 8 in Fighting
  3549 | D:5      | Reached ****** piety under Uskayaw
  4031 | D:5      | Reached skill level 9 in Fighting
  4033 | D:5      | Reached XP level 9. HP: 54/83 MP: 8/8
  4128 | D:5      | Identified the +4 rapier of Nenge {heavy, Int+5}
  4581 | D:6      | Found a staircase to the Ecumenical Temple.
  4594 | Temple   | Entered the Ecumenical Temple
  5036 | D:6      | Reached skill level 10 in Fighting
  5042 | D:6      | Reached skill level 10 in Armour
  5138 | D:6      | Found a runed translucent door.
  5139 | D:6      | Noticed Crazy Yiuf
  5144 | D:6      | Killed Crazy Yiuf
  5285 | D:6      | Noticed Edmund
  5295 | D:6      | Killed Edmund
  5596 | D:6      | Identified the +2 robe of the Hall of Blades {Str+3}
  5660 | D:6      | Reached skill level 10 in Axes
  5960 | D:6      | Noticed Grinder
  5966 | D:6      | Killed Grinder
  6232 | D:7      | Reached XP level 10. HP: 87/94 MP: 9/9
  6563 | D:7      | Reached skill level 11 in Fighting
  6912 | D:8      | Noticed Psyche
  6920 | D:8      | Killed Psyche
  6926 | D:8      | Noticed Jeremiah
  6942 | D:8      | Killed Jeremiah
  7048 | D:8      | Reached skill level 5 in Shields
  7369 | D:8      | Found a staircase to the Lair.
  8458 | D:9      | Reached skill level 1 in Invocations
  8515 | D:9      | Found a bloodstained altar of Trog.
  8743 | D:9      | Reached XP level 11. HP: 104/104 MP: 10/10
  8752 | D:9      | Reached skill level 12 in Fighting
  8934 | D:9      | Noticed Amaemon
  8947 | D:9      | Succumbed to orange demon's concentrated venom

Illustrated notes

Levels and vault maps discovered:
D:1:      doesnt_arrival_eight_statues, layout_rooms, kennysheep_flooded_box
D:2:      layout_basic, chequers_big_river
D:3:      layout_loops_ring
D:4:      cheibrodos_fertilizer, layout_basic, nicolae_hexahallways,
          saegor_snake_ambush
D:5:      minmay_opposing_rooms, layout_basic, chequers_serial_rivers_large_b,
          hangedman_decor_points
D:6:      layout_basic, minmay_temple_entry_glassed_door, uniq_edmund,
          uniq_crazy_yiuf_cottage, uniq_grinder
D:7:      layout_gridville, kennysheep_pointless_box, minivault_26
D:8:      layout_loops_ring, lair_entry_dummy, uniq_psyche, uniq_jeremiah
D:9:      layout_loops_ring, amethyst_overflow_temple_binary,
          mainiacjoe_overflow_surrounded_room, serial_shops, shop, uniq_amaemon
Temple:   hellmonk_temple_of_storms

Skill      XL: |  1  2  3  4  5  6  7  8  9 10 11 |
---------------+----------------------------------+-----
Fighting       | 4 5 6 7 9 10 11 12 | 12.0
Armour         | 4 5 6 7 8 10 11 | 11.8
Axes           | 3 4 5 6 8 10 11 | 11.5
Shields        | 6 |  6.2
Invocations    | 1 |  1.4

Action                     |  1- 3 |  4- 6 |  7- 9 | 10-12 || total
---------------------------+-------+-------+-------+-------++-------
  Melee: War axe           |    69 |    69 |   199 |   186 ||   523
         Headbutt          |     4 |     9 |    39 |    30 ||    82
    Use: Scroll            |       |       |     4 |     1 ||     5
         Potion            |       |       |       |     2 ||     2
   Stab: Paralysed         |       |       |     9 |    12 ||    21
 Armour: Scale mail        |    50 |    50 |   122 |   108 ||   330
         Skin              |       |       |       |    35 ||    35
  Dodge: Dodged            |    48 |    29 |    88 |    53 ||   218
  Block: Buckler           |    29 |    28 |   100 |    68 ||   225
         Reflection        |       |     1 |     1 |     7 ||     9
